 Dungeon Crawl Stone Soup version 0.29.1-15-g9cfb28693d (webtiles) character file.

Game seed: 13424860173575752081

4800 Zordon the Conjurer (level 11, 0/84 HPs)
             Began as a Meteoran Conjurer on Mar 29, 2023.
             Was an Initiate of Ru.
             Killed by divine providence
             ... invoked by an orc priest
              (13 damage)
             ... on level 8 of the Dungeon.
             The game lasted 00:31:03 (5013 turns).

Zordon the Conjurer (Meteoran Conjurer)             Turns: 5013, Time: 00:31:07

Health: 0/84       AC:  9    Str: 17    XL:     11   Next: 5%
Magic:  2/22       EV: 15    Int: 22    God:    Ru [......]
Gold:   131        SH:  0    Dex: 16    Spells: 5/23 levels left

rFire   . . .      SeeInvis .   k - +7 war axe "Getemm" {freeze, rC- Str+4 Int+2 Dex+3}
rCold   x . .      Faith    .   (no shield)
rNeg    . . .      Spirit   .   a - +1 robe
rPois   +          Reflect  .   (no helmet)
rElec   .          Harm     .   C - +2 cloak {rPois}
rCorr   .          Rampage  .   (no gloves)
Will    +++..                   l - +2 pair of boots
Stlth   +.........              (no amulet)
HPRegen 0.24/turn               v - ring of willpower
MPRegen 0.18/turn               (no ring)

@: glowing
A: sense surroundings 2, otherworldly, glowing, explore regen, hooves 1,
strong-willed 1
a: Renounce Religion


You were on level 8 of the Dungeon.
You worshipped Ru.
Ru was noncommittal.
You visited 2 branches of the dungeon, and saw 9 of its levels.
You also visited: Sewer.

You collected 364 gold pieces.
You spent 233 gold pieces at shops.

Inventory:

Hand Weapons
 c - a +2 dagger of venom
 k - the +7 war axe "Getemm" (weapon) {freeze, rC- Str+4 Int+2 Dex+3}
   (You found it on level 3 of the Dungeon)

   It freezes those it strikes, dealing additional cold damage.
   It can also slow down cold-blooded creatures.
   Str:       It affects your strength (+4).
   Int:       It affects your intelligence (+2).
   Dex:       It affects your dexterity (+3).
   rC:        It makes you vulnerable to cold.
 x - a +0 dagger
Missiles
 e - 5 curare-tipped darts
 u - 8 boomerangs
Armour
 a - a +1 robe (worn)
 l - a +2 pair of boots (worn)
 m - a +2 cloak
 C - a +2 cloak of poison resistance (worn)
Jewellery
 v - a ring of willpower (left hand)
Wands
 b - a wand of polymorph (11)
 w - a wand of flame (9)
 y - a wand of roots (14)
 A - a wand of charming (25)
 B - a wand of digging (3)
Scrolls
 d - a scroll of noise
 g - 2 scrolls of amnesia
 h - a scroll of butterflies
 r - a scroll of fear
 t - 2 scrolls of teleportation
 D - a scroll of vulnerability
Potions
 f - 2 potions of flight
 i - 3 potions of curing
 j - a potion of heal wounds
 o - a potion of invisibility {unknown}
 p - 3 potions of brilliance
 q - 2 potions of might
 s - 2 potions of lignification
 z - a potion of ambrosia {unknown}


   Skills:
 * Level 4.0 Fighting
 * Level 4.1 Short Blades
 * Level 6.1 Axes
 * Level 4.7 Throwing
 * Level 4.2 Armour
 * Level 6.8 Dodging
 * Level 3.7 Stealth
 + Level 0.5 Unarmed Combat
 * Level 6.7 Spellcasting
 * Level 7.5 Conjurations
 * Level 4.8 Hexes
 * Level 1.8 Necromancy
 + Level 1.2 Ice Magic
 * Level 4.6 Evocations


You had 5 spell levels left.
You knew the following spells:

 Your Spells              Type           Power      Damage    Failure   Level
a - Magic Dart            Conj           100%       1d8       1%          1
b - Searing Ray           Conj           80%        2d7       1%          2
c - Fulminant Prism       Conj/Hex       17%        3d11      7%          4
d - Hailstorm             Conj/Ice       26%        3d7       14%         4
e - Frozen Ramparts       Ice            24%        1d4       16%         3
f - Animate Dead          Necr           15%        N/A       36%         4

Your spell library contained the following spells:

 Spells                   Type           Power      Damage    Failure   Level
 Dazzling Flash           Conj/Hex       68%        N/A       1%          3
 Ensorcelled Hibernation  Hex/Ice        40%        N/A       3%          2
 Freeze                   Ice            48%        1d7       5%          1
 Apportation              Tloc           14%        N/A       9%          1
 Passwall                 Tmut/Erth      5%         N/A       13%         2
 Iskenderun's Mystic Bla  Conj/Tloc      23%        2d6       19%         4
 Anguish                  Hex/Necr       11%        N/A       22%         4
 Spider Form              Tmut/Pois      7%         N/A       26%         3
 Swiftness                Air            7%         N/A       26%         3
 Alistair's Intoxication  Tmut/Pois      4%         N/A       93%         5
 Haunt                    Necr/Summ      5%         N/A       100%        7
 Infestation              Necr           7%         N/A       100%        8


Dungeon Overview and Level Annotations

Branches:
Dungeon (8/15) Zot: 595    Temple (1/1) D:7 Zot: 542    Lair (0/5) D:8
  Sewer (visited)

Altars:
Cheibriados
Elyvilon
Fedhas
Hepliaklqana
Kikubaaqudgha
Makhleb
Okawaru
Qazlal
Ru
Trog
Uskayaw
Xom
Zin
The Shining One

Shops:
D:1 ?   D:5 !


Innate Abilities, Weirdness & Mutations

You passively map the area around you.
You are easily found by Zot.
You glow in the dark.
You regain HP and MP as you explore.
You have large cloven feet.
You are strong-willed. (Will+)


Message History

The searing ray misses the gnoll.
The searing ray hits the ice beast!
The ice beast is moderately wounded.
The searing ray hits something.
You feel a bit more experienced. The gnoll misses you.
The searing ray hits the gnoll.
The gnoll is heavily wounded.
The searing ray hits the ice beast!
The ice beast is heavily wounded.
The searing ray hits the orc!
You kill the orc!
The gnoll hits you but does no damage.
The shadow imp shouts, "Slither hence, thou quaking toad-spotted slabber!"
The searing ray hits the gnoll.
The gnoll is heavily wounded.
The searing ray hits the ice beast.
The ice beast is severely wounded.
The searing ray hits the shadow imp!
You kill the shadow imp!
You finish channelling your searing ray.
The gnoll hits you from afar with a +0 spear.
* * * LOW HITPOINT WARNING * * *
That's the wrong kind of item! (Use * to select it.) Evoke which item? (* to show all) (? for menu, Esc to quit)
Okay, then.
Aiming: Fastroot
Press: ? - help, Shift-Dir - straight line, f/p - gnoll
Aim: a gnoll, wielding a +0 spear (heavily wounded)
The roots erupt in riotous growth!
Roots grab the gnoll.
Roots grab the orc.
Roots grab the ice beast.
The grasping roots constrict the ice beast!
The grasping roots constrict the gnoll.
The grasping roots constrict the orc.
You kill the orc!
The gnoll hits you but does no damage.
The grasping roots constrict the ice beast.
You kill the ice beast!
The grasping roots constrict the gnoll!
You kill the gnoll!
The orc priest calls down the wrath of Beogh upon you.
Beogh smites you!
You die...

, .....P..P....#**, *
...P.....P...##.,* ,
,.P......P......, *
.PPP..l....).#* ,,
.5P..†......** *
..P.....o.#*
.P......)o#
#......oo######
#...)...))o).@#
#.......o)###'#### ,
#........##≈≈.≈≈≈###
+.....#.##≈≈....≈≈≈##
#....[#.#≈≈.......≈≈##
*
#.....#.#≈....≈....≈≈#
#.#####[+...........≈##
,.> #.#≈..........≈≈# *
* #g#≈.....≈.....≈# * *


You could see an orc priest and 3 orcs.

Vanquished Creatures
  Pikel (D:7)
  Maggie (D:7)
  A komodo dragon (D:8)
  A wraith (D:8)
  A steam dragon (D:8)
  Menkaure (D:7)
  A water moccasin (D:8)
  A sky beast (D:8)
  3 ice beasts
  2 orc warriors
  6 black bears
  2 ogres (D:6)
  A centaur (D:8)
  A phantom (D:5)
  4 kobold brigands
  3 bullfrogs (D:8)
  A gnoll sergeant (D:8)
  3 necrophages
  2 scorpions
  7 wights
  An electric eel (D:8)
  A howler monkey (D:5)
  3 hounds
  Crazy Yiuf (D:7)
  2 orc priests
  7 orc wizards
  4 iguanas
  8 gnolls
  2 river rats (Sewer)
  4 adders
  3 shadow imps
  An ufetubus (D:7)
  A worm (D:2)
  5 dart slugs
  23 orcs
  9 bats
  5 endoplasms
  5 giant cockroaches
  8 hobgoblins
  5 jackals
  22 kobolds
  6 quokkas
  6 ball pythons
  6 frilled lizards
  6 goblins
  8 rats
195 creatures vanquished.

Vanquished Creatures (others)
  2 fulminant prisms
  25 fungi (D:8)
  40 plants
67 creatures vanquished.

Grand Total: 262 creatures vanquished

Notes
Turn   | Place    | Note
-------+----------+-------------------------------------------
     0 | D:1      | Zordon the Meteoran Conjurer began the quest for the Orb.
     0 | D:1      | Reached XP level 1. HP: 14/14 MP: 5/5
    29 | D:1      | Reached skill level 5 in Conjurations
    58 | D:1      | Reached XP level 2. HP: 20/20 MP: 4/6
    61 | D:1      | Learned a level 2 spell: Searing Ray
    81 | D:1      | Found Wuih Duocae's Magic Scroll Shoppe.
   332 | D:1      | You fall into a shaft and drop 1 floor!
   370 | D:2      | Reached XP level 3. HP: 21/26 MP: 3/8
   558 | D:2      | Reached XP level 4. HP: 20/33 MP: 7/10
   592 | D:2      | Learned a level 4 spell: Fulminant Prism
   687 | D:1      | Bought a scroll of identify for 28 gold pieces
  1052 | D:1      | Bought 3 scrolls of identify for 84 gold pieces
  1094 | D:1      | Glimpsed the power of Zot.
  1144 | D:1      | Glimpsed the power of Zot.
  1184 | D:2      | Glimpsed the power of Zot.
  1194 | D:2      | Touched by the power of Zot.
  1389 | D:3      | Reached skill level 1 in Evocations
  1411 | D:3      | Gained mutation: You are partially covered in iridescent
                  | scales. (AC +2) [potion of mutation]
  1411 | D:3      | Gained mutation: Your body sometimes deteriorates upon
                  | taking damage. [potion of mutation]
  1432 | D:3      | Reached XP level 5. HP: 22/31 MP: 8/11
  1520 | D:3      | Found a glowing drain.
  1530 | Sewer    | Entered a sewer
  1534 | Sewer    | Reached skill level 6 in Conjurations
  1570 | Sewer    | Noticed a kobold brigand
  1656 | Sewer    | Killed a kobold brigand
  1657 | Sewer    | Reached skill level 1 in Hexes
  1657 | Sewer    | Reached XP level 6. HP: 2/46 MP: 5/12
  1717 | Sewer    | Found a white marble altar of Elyvilon.
  1792 | D:3      | Identified the +7 war axe "Getemm" {freeze, rC- Str+4 Int+2
                  | Dex+3}
  2093 | D:3      | Glimpsed the power of Zot.
  2143 | D:3      | Glimpsed the power of Zot.
  2183 | D:3      | Glimpsed the power of Zot.
  2193 | D:3      | Touched by the power of Zot.
  2892 | D:4      | Glimpsed the power of Zot.
  2916 | D:5      | Entered Level 5 of the Dungeon
  2940 | D:5      | Found Woghammo's Distillery.
  2949 | D:5      | Reached skill level 1 in Fighting
  2949 | D:5      | Reached skill level 1 in Short Blades
  2949 | D:5      | Reached skill level 1 in Armour
  2949 | D:5      | Reached XP level 7. HP: 31/41 MP: 9/14
  2962 | D:5      | Bought a potion of curing for 33 gold pieces
  2962 | D:5      | Bought a potion of mutation for 88 gold pieces
  2962 | D:5      | Lost mutation: You are partially covered in iridescent
                  | scales. (AC +2) [potion of mutation]
  2962 | D:5      | Lost mutation: Your body sometimes deteriorates upon taking
                  | damage. [potion of mutation]
  2962 | D:5      | Gained mutation: You have large cloven feet. [potion of
                  | mutation]
  2962 | D:5      | Gained mutation: You are strong-willed. (Will+) [potion of
                  | mutation]
  3080 | D:5      | Reached skill level 1 in Throwing
  3108 | D:5      | Reached skill level 1 in Axes
  3195 | D:5      | Found a glowing silver altar of Zin.
  3199 | D:5      | Found a bloodstained altar of Trog.
  3201 | D:5      | Found a hazy altar of Hepliaklqana.
  3221 | D:5      | Found an ancient bone altar of Kikubaaqudgha.
  3260 | D:5      | Reached XP level 8. HP: 57/60 MP: 9/15
  3327 | D:5      | Found a white marble altar of Elyvilon.
  3331 | D:5      | Found a stormy altar of Qazlal.
  3482 | D:5      | Glimpsed the power of Zot.
  3609 | D:6      | Learned a level 4 spell: Hailstorm
  3613 | D:6      | Learned a level 3 spell: Frozen Ramparts
  3687 | D:6      | Reached skill level 5 in Dodging
  3779 | D:6      | Reached skill level 5 in Spellcasting
  3788 | D:6      | Gained mutation: You passively map the area around you.
                  | [Meteoran growth]
  3788 | D:6      | Reached XP level 9. HP: 32/68 MP: 8/17
  4068 | D:6      | Glimpsed the power of Zot.
  4137 | D:7      | Found a staircase to the Ecumenical Temple.
  4145 | Temple   | Entered the Ecumenical Temple
  4179 | Temple   | Became a worshipper of Ru the Awakened
  4348 | D:7      | Reached skill level 7 in Conjurations
  4381 | D:7      | Noticed Maggie
  4399 | D:7      | Killed Maggie
  4467 | D:7      | Noticed Menkaure
  4481 | D:7      | Killed Menkaure
  4482 | D:7      | Reached XP level 10. HP: 40/77 MP: 13/19
  4516 | D:7      | Noticed Pikel
  4526 | D:7      | Killed Pikel
  4527 | D:7      | Reached skill level 5 in Axes
  4590 | D:7      | Learned a level 4 spell: Animate Dead
  4697 | D:7      | Found a runed translucent door.
  4698 | D:7      | Noticed Crazy Yiuf
  4709 | D:7      | Killed Crazy Yiuf
  4721 | D:7      | Glimpsed the power of Zot.
  4771 | D:7      | Glimpsed the power of Zot.
  4811 | D:7      | Glimpsed the power of Zot.
  4821 | D:7      | Touched by the power of Zot.
  4894 | D:8      | Reached skill level 1 in Ice Magic
  4951 | D:8      | Reached skill level 1 in Necromancy
  4980 | D:8      | Noticed a komodo dragon
  4993 | D:8      | Killed a komodo dragon
  4995 | D:8      | Reached XP level 11. HP: 19/84 MP: 12/21
  5013 | D:8      | Killed from afar by an orc priest

Illustrated notes

Levels and vault maps discovered:
D:1:      zelgadis_glass_arrival_small, layout_basic, serial_shops, shop,
          serial_aquarium, aquarium_bridge_square [aquarium_subvault_bridge,
          aquarium_subvault_wall, aquarium_subvault_window,
          aquarium_subvault_bridge], aquarium_bridge_long_separate
          [aquarium_subvault_bridge, aquarium_subvault_wall,
          aquarium_subvault_window, aquarium_subvault_window,
          aquarium_subvault_bridge, aquarium_subvault_wall], aquarium_window_1,
          aquarium_window_fake, aquarium_window_1, aquarium_view_2e,
          aquarium_view_2d, aquarium_balcony_3b, aquarium_pool_split
D:2:      layout_basic, hellmonk_ecumenical_altar_zigzags,
          serial_bayou_lagoon_a, dreamdust_princess_corridor, st_stairs_8
D:3:      layout_loops_corners, gup_sewer_entry_pipe, st_stairs_6,
          serial_bayou_pond_b, kennysheep_crisscross
D:4:      layout_gridville
D:5:      corexii_shack_village, layout_cave_pods,
          nicolae_overflow_hidden_temple, kiku_gazebo_pond_becter, serial_shops,
          shop_fountains, nrook_uturn
D:6:      layout_basic
D:7:      layout_gridville, temple_doors_e, uniq_pikel, uniq_maggie,
          uniq_menkaure, uniq_crazy_yiuf_cottage
D:8:      layout_basic, due_lair_maze_entry_diamond, kennysheep_potato
Temple:   regret_index_temple_sphere_string

Skill      XL: |  1  2  3  4  5  6  7  8  9 10 |
---------------+-------------------------------+-----
Conjurations   | 5 6 7 |  7.5
Spellcasting   | 3 4 5 6 |  6.7
Stealth        | 2 3 |  3.7
Evocations     | 1 2 3 4 |  4.6
Dodging        | 3 4 5 6 |  6.8
Hexes          | 1 2 3 4 |  4.8
Fighting       | 1 2 3 4 |  4.0
Short Blades   | 1 2 3 4 |  4.1
Armour         | 1 2 3 4 |  4.2
Throwing       | 1 2 3 4 |  4.7
Axes           | 1 2 4 6 |  6.1
Ice Magic      | 1 |  1.2
Necromancy     | 1 |  1.8
Unarmed Combat | |  0.5

Action                   |  1- 3 |  4- 6 |  7- 9 | 10-12 || total
-------------------------+-------+-------+-------+-------++-------
Melee: Unarmed           |     6 |    15 |       |       ||    21
       War axe           |       |    11 |    45 |    16 ||    72
Throw: Dart              |       |     2 |       |       ||     2
 Cast: Magic Dart        |    14 |     1 |       |     1 ||    16
       Searing Ray       |    13 |    38 |    39 |    11 ||   101
       Frozen Ramparts   |       |       |     2 |     2 ||     4
       Hailstorm         |       |       |     1 |     1 ||     2
       Fulminant Prism   |       |       |       |     2 ||     2
Evoke: Wand              |       |       |     2 |     5 ||     7
  Use: Potion            |     1 |     4 |     3 |     2 ||    10
       Scroll            |       |    10 |     2 |       ||    12
Armor: Robe              |     9 |    32 |    44 |    28 ||   113
       Skin              |       |    10 |       |       ||    10
Dodge: Dodged            |    16 |    59 |    89 |    43 ||   207
